 Dungeon Crawl Stone Soup version 0.29-a0-284-gf9362112df (webtiles) character file.

Game seed: 7012716901098371090

235759 Ajdolov the Ripper (level 18, -7/110 HPs)
             Began as a Felid Summoner on Mar 14, 2022.
             Was an Initiate of Gozag.
             Killed by divine providence
             ... invoked by a sphinx
              (11 damage)
             ... on level 1 of the Vaults on Mar 15, 2022.
             The game lasted 03:57:23 (59032 turns).

Ajdolov the Ripper (Felid Summoner)                Turns: 59032, Time: 03:57:24

Health: -7/110     AC: 23    Str:  4      XL:     18   Next: 48%
Magic:  2/34       EV: 35    Int: 24      God:    Gozag
Gold:   5703       SH:  5    Dex: 21 (23) Spells: 3/39 levels left
                                        Lives:  0   Deaths: 5

rFire   + + +      SeeInvis +     - Unarmed
rCold   + + .      Faith    .   (shield unavailable)
rNeg    + . .      Spirit   .   (body armour unavailable)
rPois   ∞          Reflect  +   (helmet unavailable)
rElec   +          Harm     .   (cloak unavailable)
rCorr   +          Rampage  .   (gloves unavailable)
Will    +++..                   (boots unavailable)
Stlth   +++++++...              O - amulet "Qeahizaj" {Reflect rPois Int+2 Slay+2 SH+5 Stlth+}
HPRegen 0.28/turn               s - ring "Rirouss" {rElec rF+ Will+ EV+4 Dex+4}
MPRegen 0.24/turn               d - ring of Colac {rF++ rC+ Slay+3}

@: mighty, statue-form, resistant, corroded, gold aura, very slow
A: slow and powerful, torment resistance 1, boosted hp, very small, claws 1,
fangs 3, see invisible, (speed 1), (shaggy fur 3), stealthy paws, no weapons or
thrown items, no armour, multi-lived
}: 2/15 runes: barnacled, gossamer
a: End Transformation, Renounce Religion, Potion Petition, Call Merchant, Bribe
Branch


You were on level 1 of the Vaults.
You worshipped Gozag.
Gozag was greatly pleased with you.
You were a living statue of rough stone.
You visited 8 branches of the dungeon, and saw 36 of its levels.
You also visited: Trove.

You collected 17331 gold pieces.
You spent 5347 gold pieces at shops.
You paid 6281 gold pieces to Gozag.

Inventory:

Jewellery
 d - the ring of Colac (right paw) {rF++ rC+ Slay+3}
   (You found it on level 6 of the Dungeon)

   [ring of protection from cold]

   Slay:      It affects your accuracy & damage with ranged weapons and melee
   (+3).
   rF:        It greatly protects you from fire.
   rC:        It protects you from cold.
 k - a +6 ring of strength
 l - a ring of resist corrosion
 s - the ring "Rirouss" (left paw) {rElec rF+ Will+ EV+4 Dex+4}
   (You found it on level 7 of the Dungeon)

   [ring of evasion]

   EV:        It affects your evasion (+4).
   Dex:       It affects your dexterity (+4).
   rF:        It protects you from fire.
   rElec:     It insulates you from electricity.
   Will:      It increases your willpower.
 y - a ring of flight
 H - a +6 ring of intelligence
 L - the ring of the Mage {Wiz Archmagi}
   (You bought it in a shop on level 2 of the Lair of Beasts)

   [ring of wizardry]

   It improves your spell success rate.
   Archmagi:  It increases the power of your magical spells.
 N - the ring "Vatoow" {Will+ MP+9}
   (You took it off a merfolk on level 4 of the Shoals)

   [ring of magical power]

   MP:        It affects your magic capacity (+9).
   Will:      It increases your willpower.
 O - the amulet "Qeahizaj" (around neck) {Reflect rPois Int+2 Slay+2 SH+5 Stlth+}
   (You bought it in a shop on level 2 of the Elven Halls)

   [amulet of reflection]

   It reflects blocked missile attacks.
   Int:       It affects your intelligence (+2).
   Slay:      It affects your accuracy & damage with ranged weapons and melee
   (+2).
   rPois:     It protects you from poison.
   SH:        It affects your SH (+5).
   Stlth:     It makes you more stealthy.
 P - the amulet of Xedoh {rF+ Regen+ rCorr}
   (You took it off a merfolk on level 4 of the Shoals)

   [amulet of regeneration]

   rF:        It protects you from fire.
   Regen:     It increases your rate of health regeneration.
   rCorr:     It protects you from acid and corrosion.
 Q - an amulet of reflection
 R - the ring of Ryacoma {Fly rPois MP+9 SInv}
   (You found it in a treasure trove)

   [ring of magical power]

   rPois:     It protects you from poison.
   MP:        It affects your magic capacity (+9).
   SInv:      It lets you see invisible.
   Fly:       It grants you flight.
 S - the ring of Qungal {Int+6 Dex+7}
   (You found it in a treasure trove)

   [ring of intelligence]

   Int:       It affects your intelligence (+6).
   Dex:       It affects your dexterity (+7).
 T - the ring "Wejuridi" {Fly rN+++ EV+4 Dex-4 SInv}
   (You took it off a deep elf zephyrmancer on level 3 of the Elven Halls)

   [ring of evasion]

   EV:        It affects your evasion (+4).
   Dex:       It affects your dexterity (-4).
   rN:        It renders you almost immune to negative energy.
   SInv:      It lets you see invisible.
   Fly:       It grants you flight.
 U - a ring of positive energy
 V - a ring of protection from fire
 W - the ring "Funeonol" {Ice Will- MP+9 Dex+8 Slay+2}
   (You took it off an orc high priest on level 3 of the Elven Halls)

   [ring of ice]

   It enhances your ice magic.
   Dex:       It affects your dexterity (+8).
   Slay:      It affects your accuracy & damage with ranged weapons and melee
   (+2).
   rF:        It makes you vulnerable to fire.
   rC:        It protects you from cold.
   MP:        It affects your magic capacity (+9).
   Will:      It decreases your willpower.
Wands
 a - a wand of mindburst (12)
 n - a wand of polymorph (14)
 t - a wand of iceblast (18)
 w - a wand of paralysis (4)
 C - a wand of flame (36)
 I - a wand of acid (17)
 K - a wand of charming (16)
Scrolls
 b - 10 scrolls of teleportation
 e - 5 scrolls of immolation
 f - a scroll of silence
 g - 10 scrolls of fear
 r - 8 scrolls of noise
 D - a scroll of blinking
 J - 7 scrolls of identify
 M - 2 scrolls of torment
 Y - a scroll of magic mapping
 Z - a scroll of holy word
Potions
 c - 7 potions of haste
 h - 7 potions of resistance
 i - 4 potions of cancellation
 j - 9 potions of curing
 m - 5 potions of magic
 p - 6 potions of heal wounds
 q - 8 potions of mutation
 u - 6 potions of might
 v - a potion of berserk rage
 x - 2 potions of invisibility
 z - 5 potions of lignification
 A - 5 potions of flight
 B - 9 potions of attraction
 E - 4 potions of brilliance
 G - 14 potions of ambrosia
Miscellaneous
 o - a box of beasts
 F - a phial of floods
 X - a condenser vane


   Skills:
 - Level 12.7 Fighting
 + Level 15.6 Dodging
 - Level 15.0 Stealth
 * Level 15.8 Unarmed Combat
 - Level 11.0 Spellcasting
 - Level 9.3 Summonings
 - Level 9.0 Translocations
 - Level 12.4 Transmutations
 - Level 6.0 Fire Magic
 - Level 6.1 Air Magic
 - Level 12.2 Earth Magic
 - Level 9.7 Poison Magic


You had 3 spell levels left.
You knew the following spells:

 Your Spells              Type           Power      Damage    Failure   Level
a - Eringya's Noxious Bo  Tmut/Pois      30%        N/A       8%          6
b - Statue Form           Tmut/Erth      42%        N/A       4%          6
c - Call Canine Familiar  Summ           55%        N/A       1%          3
d - Summon Lightning Spi  Summ/Air       50%        N/A       1%          4
e - Ignite Poison         Fire/Tmut/Pois 55%        N/A       1%          3
f - Poisonous Vapours     Pois/Air       100%       N/A       1%          2
g - Olgreb's Toxic Radia  Pois           56%        N/A       1%          4
h - Blink                 Tloc           100%       N/A       1%          2
i - Manifold Assault      Tloc           54%        N/A       3%          5
j - Apportation           Tloc           100%       N/A       1%          1

Your spell library contained the following spells:

 Spells                   Type           Power      Damage    Failure   Level
 Sting                    Tmut/Pois      100%       1d8       1%          1
 Summon Small Mammal      Summ           100%       N/A       1%          1
 Call Imp                 Summ           55%        N/A       1%          2
 Corpse Rot               Necr/Air       54%        N/A       1%          2
 Passwall                 Tmut/Erth      53%        N/A       1%          2
 Static Discharge         Conj/Air       27%        N/A       1%          2
 Wereblood                Tmut           64%        N/A       1%          2
 Gell's Gravitas          Tloc           54%        N/A       1%          3
 Lesser Beckoning         Tloc           54%        N/A       1%          3
 Spider Form              Tmut/Pois      60%        N/A       1%          3
 Summon Guardian Golem    Hex/Summ       35%        N/A       1%          3
 Swiftness                Air            42%        N/A       1%          3
 Teleport Other           Tloc           54%        N/A       1%          3
 Animate Skeleton         Necr           26%        N/A       4%          1
 Pain                     Necr           52%        1d6       4%          1
 Conjure Flame            Conj/Fire      27%        6-21      4%          3
 Ensorcelled Hibernation  Hex/Ice        26%        N/A       7%          2
 Sublimation of Blood     Necr           13%        N/A       7%          2
 Vampiric Draining        Necr           13%        2d6       14%         3
 Petrify                  Tmut/Erth      64%        N/A       1%          4
 Alistair's Intoxication  Tmut/Pois      40%        N/A       1%          5
 Blade Hands              Tmut           32%        N/A       1%          5
 Airstrike                Air            21%        N/A       3%          4
 Leda's Liquefaction      Hex/Erth       21%        N/A       3%          4
 Borgnjor's Vile Clutch   Necr/Erth      21%        N/A       11%         5
 Irradiate                Conj/Tmut      21%        3d21      11%         5
 Yara's Violent Unravell  Hex/Tmut       21%        3d10      11%         5
 Sticky Flame             Conj/Fire      27%        2d5       14%         4
 Dispersal                Tloc           27%        N/A       19%         6
 Dragon Form              Tmut           32%        N/A       26%         7
 Fireball                 Conj/Fire      13%        3d7       36%         5
 Lightning Bolt           Conj/Air       13%        1d27      36%         5
 Dispel Undead            Necr           13%        3d9       43%         4
 Summon Hydra             Summ           27%        N/A       65%         7
 Metabolic Englaciation   Hex/Ice        6%         N/A       78%         5
 Starburst                Conj/Fire      13%        6d6       91%         6
 Death Channel            Necr           6%         N/A       100%        6
 Ignition                 Fire           21%        3d8       100%        8
 Portal Projectile        Hex/Tloc       Unusable   N/A       N/A         3
 Excruciating Wounds      Necr           Unusable   N/A       N/A         5

Dungeon Overview and Level Annotations

Branches:
Dungeon (15/15)            Temple (1/1) D:7            Lair (6/6) D:10
 Shoals (4/4) Lair:2       Spider (4/4) Lair:4        Slime (0/5) Lair:6
    Orc (2/2) D:11            Elf (3/3) Orc:2        Vaults (1/5) D:14
 Depths (0/4) D:15

Altars:
Ashenzari
Cheibriados
Dithmenos
Elyvilon
Fedhas
Gozag
Hepliaklqana
Kikubaaqudgha
Makhleb
Nemelex Xobeh
Okawaru
Qazlal
Ru
Sif Muna
Trog
Uskayaw
Vehumet
Wu Jian
Xom
Yredelemnul
Zin
The Shining One
Beogh
Jiyva

Shops:
Orc:1 (   Orc:2 :!!(!   Elf:1 ((=!   Elf:2 =(   Lair:2 =   Lair:5 ??
Shoals:3 *?*[

Annotations:
D:3 2 transporters, Tinylith's ghost, weakling DsIE
D:4 exclusions: endoplasm and scorpion, Grinder
D:5 exclusions: centaur and orc priest
D:10 exclusion: door
D:14 exclusion: wolf
Lair:2 1 exclusion
Lair:3 exclusion: upstairs
Shoals:1 Roxanne
Spider:2 1 runed translucent door, Paym's ghost, adept HOFi
Spider:3 2 transporters
Orc:2 1 runed translucent door, Grinfader's ghost, adept DjCj
Elf:2 3 runed translucent doors
Elf:3 1 exclusion


Innate Abilities, Weirdness & Mutations

You are a living statue of rough stone.
Your actions are slow, but your melee attacks are powerful.
You are resistant to unholy torment.
Your maximum health is greatly increased.
You are immune to poison.
You have sharp claws.
You have razor-sharp teeth.
You have supernaturally acute eyesight. (SInv)
((You cover ground quickly. (Speed+)))
((Your thick and shaggy fur keeps you warm. (AC +3, rC+)))
Your paws help you pounce on unaware monsters.
You are incapable of wielding weapons or throwing items.
You cannot wear armour.
You gain extra lives every three experience levels.


Message History

The vault warden is heavily wounded.
The lindwurm looks even sicker.
The dire elephant looks even sicker.
The tengu reaver looks even sicker.
The vault warden hits you with a +3 great mace!
* * * LOW HITPOINT WARNING * * *
The orc warlord hits you with a +0 long sword!
* * * LOW HITPOINT WARNING * * *
The tengu reaver hits you with a +0 long sword!
* * * LOW HITPOINT WARNING * * *
The tengu reaver pecks you but does no damage.
The tengu reaver claws you!
* * * LOW HITPOINT WARNING * * *
You block the dire elephant's attack. The dire elephant misses you.
The lindwurm is distracted by your dazzling golden aura.
The slime creature hits you but does no damage.
Something unseen opens the door.
The lindwurm roars!
A tengu reaver comes into view. It is wielding a +0 battleaxe.
Casting: Olgreb's Toxic Radiance (mildly dangerous; 1% risk of failure)
Confirm with . or Enter, or press ? or * to list all spells.
Okay, then.
Blink to where?
Press: ? - help, Dir - move target A deep elf annihilator, an ettin, a yaktaur and a great orb of eyes come into view.
The ettin is wielding a +0 dire flail and a +0 dire flail of protection.
As you read the scroll of blinking, it crumbles to dust.
The deep elf annihilator is poisoned.
The tengu reaver is poisoned.
The entropy weaver looks as sick as possible!
The yaktaur is poisoned.
The ettin shouts in stereo!
The ettin is poisoned.
The yaktaur is poisoned.
The sphinx is poisoned.
The great orb of eyes is poisoned.
Your toxic aura wanes.
The tengu reaver completely misses you.
The tengu reaver pecks you but does no damage.
You block the tengu reaver's attack.
The sphinx casts a spell.
Something smites you!
You die...
Your body crumbles into a pile of gold.

#.......# #.......#
#.......# #.......#
#.......# #....)..#
#.......# $ #.......#
### .u
######+'#+######8##..p
........+......#Q..Cue..
........+......H...Gc...
.)......#...H.B#cH.##...
........#..Q...#.### ..
........#..$pYk###
........#....J.#
################


You could see a dire elephant (very poisoned), a green very ugly thing
(wandering), a sphinx (poisoned), a vault warden (poisoned), a tengu reaver
(poisoned), an entropy weaver (extremely poisoned), a deep elf annihilator
(strong, poisoned), a great orb of eyes (poisoned), an ettin (poisoned), a slime
creature, 2 yaktaurs and a harpy.

Vanquished Creatures
  Jorgrun (Shoals:2)
  A titan (Shoals:4)
  2 deep elf blademasters (Elf:3)
  2 deep elf master archers (Elf:3)
  Kirke (D:13)
  Frances (Shoals:1)
  4 deep elf sorcerers
  5 ghost moths
  3 emperor scorpions
  An orc warlord (Orc:2)
  An ironbound preserver (Vaults:1)
  8 deep elf elementalists (Elf:3)
  5 broodmothers
  An ironbound thunderhulk (Vaults:1)
  6 deep elf annihilators
  2 spark wasps
  4 deep elf demonologists
  2 entropy weavers
  Snorg (D:13)
  6 deep elf death magi (Elf:3)
  9 merfolk javelineers
  An ettin (D:15)
  Josephine (D:15)
  14 merfolk impalers
  2 deep elf high priests (Elf:3)
  2 ogre magi (D:15)
  A vault guard (D:14)
  3 radroaches
  8 boulder beetles
  18 two-headed ogres
  2 death knights
  A catoblepas (D:14)
  4 jorogumos
  6 merfolk aquamancers
  4 merfolk avatars
  14 death yaks
  5 orc high priests
  5 deep elf knights (Elf:2)
  Nergalle (D:11)
  4 sun moths
  13 sea snakes
  4 steelbarb worms
  3 deep trolls (D:15)
  13 orb spiders
  7 pharaoh ants
  A steelbarb worm (shapeshifter) (D:14)
  18 deep elf archers
  4 harpies
  An ironbound convoker (Vaults:1)
  3 wizards
  5 orc knights
  A lindwurm (Lair:6)
  A necromancer (D:15)
  27 deep elf pyromancers
  21 deep elf zephyrmancers
  9 fauns
  28 wolf spiders
  7 orc sorcerers
  14 manticores
  3 moths of wrath
  6 cyclopes
  6 ugly things (D:14)
  6 elephants
  10 merfolk sirens
  Joseph (D:9)
  8 torpor snails
  6 water nymphs
  A black mamba (Lair:6)
  A guardian serpent (D:11)
  A gargoyle (D:11)
  A rime drake (shapeshifter) (D:14)
  7 rime drakes
  3 demonic crawlers
  5 komodo dragons
  5 polar bears
  9 meliai
  A queen bee (D:13)
  4 hornets
  32 merfolk
  6 trolls
  9 wind drakes
  31 tarantellas
  8 dream sheep
  31 blink frogs
  13 snapping turtles
  28 jumping spiders
  20 culicivoras
  7 air elementals
  3 wyverns
  27 water elementals
  29 yaks
  4 fire elementals
  6 basilisks
  A steam dragon (Lair:4)
  38 redbacks
  A vampire mosquito (D:15)
  3 hell hounds (D:14)
  2 black bears (D:10)
  15 orc warriors
  3 centaurs
  10 ogres
  7 wolves
  7 boggarts
  5 bullfrogs
  A gnoll sergeant (D:10)
  2 earth elementals (Elf:2)
  30 killer bees
  2 electric eels
  A hound (D:5)
  20 orc priests
  A gnoll shaman (D:8)
  15 orc wizards
  5 hell rats (Lair:5)
  7 gnolls
  46 orcs
  A bat (D:1)
  A giant cockroach (D:1)
  A goblin (D:2)
  3 hobgoblins
  A jackal (D:1)
  3 ball pythons
  A kobold (D:4)
913 creatures vanquished.

Vanquished Creatures (collateral kills)
  Azrael (D:14)
  A dire elephant (Lair:6)
  The ghost of Aceekuaquu the Protected, a journeyman MiBe of Trog (Lair:3)
  Erica (D:7)
  A boulder beetle (D:11)
  6 hydras
  A two-headed ogre (D:9)
  2 harpies (Shoals:2)
  An orc knight (Orc:2)
  A phantasmal warrior (D:12)
  8 black mambas
  2 gargoyles
  8 cane toads
  3 komodo dragons
  4 freezing wraiths
  2 trolls (Orc:2)
  A hornet (D:7)
  A merfolk (Shoals:4)
  2 blink frogs (Lair:1)
  6 wraiths
  Sigmund (D:3)
  A vampire (D:11)
  5 yaks
  2 water elementals (Shoals:1)
  4 hogs (D:13)
  3 vampire mosquitoes (D:15)
  3 wargs
  A steam dragon (D:7)
  4 acid dragons
  13 water moccasins
  A hell hound (D:14)
  6 orc warriors
  A black bear (D:6)
  2 ogres (D:6)
  A wolf (Lair:2)
  Blork the orc (D:6)
  9 bullfrogs
  A necrophage (D:6)
  2 scorpions (D:5)
  A gnoll sergeant (D:6)
  2 killer bees
  2 howler monkeys
  4 hounds
  A jelly (D:6)
  4 orc priests
  2 iguanas (D:4)
  5 orc wizards
  Ijyb (D:3)
  16 gnolls
  6 adders
  3 shadow imps
  A white imp (D:7)
  A worm (D:3)
  4 dart slugs
  45 orcs
  4 endoplasms
  5 giant cockroaches
  14 goblins
  3 hobgoblins
  3 jackals (D:1)
  5 ball pythons
  5 bats
  3 frilled lizards
  3 kobolds
  3 rats
260 creatures vanquished.

Vanquished Creatures (others)
  15 dancing weapons
  A deep elf knight (Elf:2)
  A pharaoh ant (Spider:3)
  A tarantella (Spider:2)
  A centaur simulacrum (D:14)
  A redback (Spider:1)
  An orc (D:7)
  40 fungi
  98 plants
159 creatures vanquished.

Grand Total: 1332 creatures vanquished

Notes
Turn   | Place    | Note
-------+----------+-------------------------------------------
     0 | D:1      | Ajdolov the Felid Summoner began the quest for the Orb.
     0 | D:1      | Reached XP level 1. HP: 7/7 MP: 4/4
   395 | D:1      | Reached XP level 2. HP: 11/11 MP: 6/6
  1652 | D:1      | Learned a level 2 spell: Call Imp
  1657 | D:2      | Found a shadowy altar of Dithmenos.
  1669 | D:2      | Reached skill level 5 in Summonings
  1669 | D:2      | Reached XP level 3. HP: 14/14 MP: 4/7
  1761 | D:2      | Learned a level 3 spell: Call Canine Familiar
  2554 | D:2      | Noticed a floating eye
  2556 | D:2      | Found a faded altar of an unknown god.
  2558 | D:2      | Noticed a great orb of eyes
  2561 | D:2      | Noticed a floating eye
  2561 | D:2      | Noticed a shining eye
  3609 | D:3      | Reached XP level 4. HP: 16/18 MP: 3/8
  3734 | D:3      | Noticed Ijyb
  3739 | D:3      | Noticed Sigmund
  3826 | D:3      | Paralysed by Ijyb for 3 turns
  3870 | D:3      | Killed Ijyb
  3871 | D:3      | Reached XP level 5. HP: 21/21 MP: 4/9
  3890 | D:3      | Killed Sigmund
  3891 | D:3      | Gained mutation: You are covered in thick fur. (AC +2)
                  | [Felid growth]
  3891 | D:3      | Reached XP level 6. HP: 24/24 MP: 3/10
  4097 | D:3      | Noticed Tinylith's ghost (weakling DsIE)
  4098 | D:3      | Found a transporter.
  4098 | D:3      | Found a transporter.
  4113 | D:3      | Identified the +7 great mace of Optimality {vorpal, rN++
                  | Str-5 Int+4 Dex-3}
  5131 | D:4      | Learned a level 4 spell: Summon Lightning Spire
  5421 | D:4      | Noticed Grinder
  5473 | D:4      | Reached XP level 7. HP: 27/27 MP: 12/12
  5625 | D:4      | Reached skill level 1 in Air Magic
  5742 | D:4      | Identified the +8 flail "Voetuy" {flame, rF++}
  6338 | D:5      | Entered Level 5 of the Dungeon
  6419 | D:5      | Slain by an adder
  6420 | D:5      | Reached XP level 6. HP: 0/24 MP: 3/11
  6717 | D:5      | Reached XP level 7. HP: 27/27 MP: 8/12
  7020 | D:6      | Noticed Blork the orc
  7027 | D:6      | Killed Blork the orc
  7177 | D:6      | Identified the ring of Colac {rF++ rC+ Slay+3}
  7705 | D:6      | Reached skill level 5 in Air Magic
  7705 | D:6      | Reached XP level 8. HP: 29/31 MP: 6/13
  8614 | D:7      | Noticed a komodo dragon
  8793 | D:6      | Reached skill level 1 in Fighting
  8941 | D:7      | Found a staircase to the Ecumenical Temple.
  8950 | Temple   | Entered the Ecumenical Temple
  9302 | D:7      | Noticed a hornet
  9318 | D:7      | Killed a hornet
  9383 | D:7      | Reached skill level 5 in Spellcasting
  9383 | D:7      | Reached XP level 9. HP: 28/37 MP: 7/17
  9946 | D:7      | Identified the ring "Rirouss" {rElec rF+ Will+ EV+4 Dex+4}
  9969 | D:7      | Learned a level 3 spell: Ignite Poison
 10263 | D:7      | Killed a komodo dragon
 10264 | D:7      | Reached skill level 1 in Transmutations
 10264 | D:7      | Reached skill level 1 in Poison Magic
 10489 | D:8      | Noticed Erica
 10548 | D:8      | Reached skill level 1 in Fire Magic
 10927 | D:7      | HP: 1/38 [Erica/+4 scimitar of flaming (1)]
 10931 | D:7      | Killed from afar by Erica
 10932 | D:7      | Reached XP level 8. HP: -11/34 MP: 11/17
 10944 | D:7      | Killed Erica
 11192 | D:9      | Noticed a two-headed ogre
 11222 | D:9      | Killed a two-headed ogre
 11223 | D:9      | Reached XP level 9. HP: 39/39 MP: 4/18
 11308 | D:9      | Learned a level 2 spell: Poisonous Vapours
 11359 | D:9      | Noticed a troll
 11367 | D:9      | Killed a troll
 11559 | D:9      | Noticed Joseph
 11566 | D:9      | Killed Joseph
 11841 | D:9      | Noticed a troll
 11845 | D:9      | Killed a troll
 12203 | D:9      | Noticed a manticore
 12206 | D:9      | Killed a manticore
 12207 | D:9      | Reached skill level 5 in Fighting
 12207 | D:9      | Reached skill level 5 in Transmutations
 12207 | D:9      | Reached XP level 10. HP: 44/44 MP: 11/19
 12259 | D:9      | Learned a level 4 spell: Olgreb's Toxic Radiance
 12308 | D:9      | Identified the +6 chain mail "Hyrausm" {Str+6 Slay+2}
 12641 | D:10     | Entered Level 10 of the Dungeon
 12709 | D:10     | Reached skill level 5 in Poison Magic
 12721 | D:10     | Slain by a wyvern
 12722 | D:10     | Reached XP level 9. HP: -1/40 MP: 3/18
 12722 | D:10     | Found a staircase to the Lair.
 12722 | D:10     | Noticed an elephant
 12722 | D:10     | Noticed a two-headed ogre
 12726 | D:10     | Noticed a two-headed ogre
 13131 | D:10     | Killed an elephant
 13132 | D:10     | Reached skill level 5 in Stealth
 13311 | D:10     | Killed a two-headed ogre
 13439 | D:10     | Killed a two-headed ogre
 13440 | D:10     | Reached XP level 10. HP: 45/45 MP: 9/19
 14317 | D:8      | You fall into a shaft and drop 2 floors!
 15089 | D:8      | Found an opulent altar of Gozag.
 15102 | D:8      | Became a worshipper of Gozag Ym Sagoz the Greedy
 15546 | D:11     | Noticed a gargoyle
 15604 | Lair:1   | Entered Level 1 of the Lair of Beasts
 15765 | Lair:1   | Reached skill level 5 in Dodging
 15807 | Lair:1   | Noticed a cane toad
 15953 | Lair:1   | Noticed a black mamba
 15973 | Lair:1   | Noticed a seven-headed hydra
 16045 | Lair:1   | Killed a seven-headed hydra
 16046 | Lair:1   | Reached XP level 11. HP: 44/48 MP: 8/20
 16437 | Lair:1   | Learned a level 2 spell: Blink
 16470 | Lair:1   | Reached skill level 1 in Translocations
 17362 | Lair:2   | Found a staircase to the Shoals.
 17804 | Lair:2   | Noticed a death yak
 17827 | Lair:2   | Noticed a death yak
 17873 | Lair:2   | Killed a death yak
 17908 | Lair:2   | Killed a death yak
 18961 | Lair:2   | Reached skill level 5 in Translocations
 18961 | Lair:2   | Gained mutation: Your thick and shaggy fur keeps you warm.
                  | (AC +3, rC+) [Felid growth]
 18961 | Lair:2   | Reached XP level 12. HP: 52/52 MP: 11/21
 20076 | Lair:3   | Reached skill level 10 in Dodging
 20361 | Lair:3   | Reached skill level 10 in Stealth
 20568 | Lair:3   | Found a large runed translucent door.
 20568 | Lair:3   | Found a large runed translucent door.
 20572 | Lair:3   | Noticed Aceekuaquu's ghost (journeyman MiBe)
 20751 | Lair:3   | Killed Aceekuaquu's ghost
 21051 | Lair:3   | Identified the +7 spear of Yxaof {antimagic, +Blink Will++
                  | Str-5 Stlth+}
 21230 | Lair:4   | Noticed a six-headed hydra
 21267 | Lair:4   | Killed a six-headed hydra
 21700 | Lair:4   | Found a hole to the Spider Nest.
 22470 | Lair:5   | Noticed a boulder beetle
 22483 | Lair:5   | Killed a boulder beetle
 22513 | Lair:5   | Noticed a death yak
 22514 | Lair:5   | Noticed a death yak
 22516 | Lair:5   | Noticed a death yak
 22517 | Lair:5   | Killed a death yak
 22519 | Lair:5   | Killed a death yak
 22520 | Lair:5   | Reached skill level 10 in Fighting
 22521 | Lair:5   | Killed a death yak
 22521 | Lair:5   | Noticed a death yak
 22555 | Lair:5   | Reached XP level 13. HP: 61/61 MP: 3/24
 23700 | Lair:6   | Entered Level 6 of the Lair of Beasts
 23928 | Lair:5   | Identified a scroll of acquirement
 23928 | Lair:5   | Acquired 396 gold pieces
 24234 | Lair:6   | Found a staircase to the Slime Pits.
 24235 | Lair:6   | Found a viscous altar of Jiyva.
 24559 | Lair:5   | Bought 2 scrolls of acquirement for 1352 gold pieces
 24559 | Lair:5   | Acquired 1015 gold pieces
 24561 | Lair:5   | Acquired 847 gold pieces
 24567 | Lair:5   | Bought a scroll of teleportation for 39 gold pieces
 24760 | Lair:6   | Acquired 802 gold pieces
 25344 | Lair:6   | Noticed a dire elephant
 25364 | Lair:6   | Killed a dire elephant
 25722 | Lair:6   | Paralysed by a hornet for 3 turns
 26367 | Lair:5   | Bought a scroll of teleportation for 39 gold pieces
 26367 | Lair:5   | Bought a scroll of teleportation for 39 gold pieces
 26367 | Lair:5   | Bought a scroll of identify for 26 gold pieces
 26367 | Lair:5   | Bought a scroll of identify for 26 gold pieces
 26367 | Lair:5   | Bought a scroll of identify for 26 gold pieces
 26592 | D:11     | Reached skill level 10 in Spellcasting
 26592 | D:11     | Reached XP level 14. HP: 67/67 MP: 22/29
 26672 | D:11     | Found a staircase to the Orcish Mines.
 26730 | D:11     | Acquired 610 gold pieces
 27179 | D:11     | Noticed Nergalle
 27902 | D:11     | Killed Nergalle
 27979 | D:11     | Found a portal to a secret trove of treasure.
 28799 | D:12     | Found an iron altar of Okawaru.
 30068 | Orc:1    | Entered Level 1 of the Orcish Mines
 30150 | Orc:1    | Found Jurhe's Weapon Shop.
 30247 | Orc:2    | Entered Level 2 of the Orcish Mines
 30984 | Orc:2    | Reached skill level 5 in Fire Magic
 31105 | Orc:2    | Noticed an orc warlord
 31123 | Orc:2    | Killed an orc warlord
 31281 | Orc:2    | Found a runed translucent door.
 31283 | Orc:2    | Noticed Grinfader's ghost (adept DjCj)
 31369 | Orc:2    | Found a staircase to the Elven Halls.
 32082 | Orc:2    | Reached skill level 15 in Stealth
 32362 | Orc:2    | Found Ufaps's Distillery.
 32362 | Orc:2    | Found Osoed's Distillery.
 32364 | Orc:2    | Found Meozy's Distillery.
 32364 | Orc:2    | Found Ciureeshra's Antique Weapon Shoppe.
 32424 | Orc:2    | Bought a potion of heal wounds for 70 gold pieces
 32424 | Orc:2    | Bought a potion of heal wounds for 70 gold pieces
 32424 | Orc:2    | Bought a potion of heal wounds for 70 gold pieces
 32424 | Orc:2    | Bought 2 potions of heal wounds for 140 gold pieces
 32424 | Orc:2    | Bought 2 potions of curing for 84 gold pieces
 32424 | Orc:2    | Bought a potion of magic for 112 gold pieces
 32424 | Orc:2    | Bought a potion of magic for 112 gold pieces
 32426 | Orc:2    | Bought a potion of haste for 100 gold pieces
 32426 | Orc:2    | Bought a potion of invisibility for 80 gold pieces
 32426 | Orc:2    | Bought a potion of invisibility for 80 gold pieces
 32426 | Orc:2    | Bought a potion of curing for 30 gold pieces
 32436 | Orc:2    | Bought a potion of curing for 33 gold pieces
 32436 | Orc:2    | Bought a potion of heal wounds for 55 gold pieces
 32436 | Orc:2    | Bought a potion of curing for 33 gold pieces
 32481 | Orc:2    | Bought a book of Sloth for 612 gold pieces
 32488 | Orc:2    | Learned a level 6 spell: Statue Form
 32494 | Orc:2    | Learned a level 5 spell: Manifold Assault
 32862 | D:13     | Noticed Snorg
 32870 | D:13     | Killed Snorg
 32871 | D:13     | Reached skill level 1 in Earth Magic
 33537 | D:13     | Reached XP level 15. HP: 72/72 MP: 24/30
 33643 | D:13     | Noticed Kirke
 33661 | D:13     | Killed Kirke
 34191 | D:14     | Noticed Azrael
 34288 | D:14     | Found a gate to the Vaults.
 35217 | D:14     | Killed Azrael
 35218 | D:14     | Reached skill level 5 in Earth Magic
 35714 | D:15     | Entered Level 15 of the Dungeon
 35714 | D:15     | Noticed Josephine
 36232 | D:15     | Found a staircase to the Depths.
 36603 | D:15     | Found a bloodstained altar of Trog.
 36782 | D:15     | Killed Josephine
 37362 | Shoals:1 | Entered Level 1 of the Shoals
 37470 | Shoals:1 | Noticed Roxanne
 37605 | Shoals:1 | Noticed Frances
 37611 | Shoals:1 | Killed Frances
 37967 | Shoals:1 | Reached skill level 10 in Earth Magic
 37970 | Shoals:1 | Learned a level 1 spell: Apportation
 38396 | Shoals:2 | Reached XP level 16. HP: 76/76 MP: 25/31
 38983 | Shoals:2 | Hit by a javelin thrown by a merfolk javelineer
 38984 | Shoals:2 | Reached XP level 15. HP: -12/72 MP: 29/30
 39029 | Shoals:2 | Hit by a javelin thrown by a merfolk javelineer
 39030 | Shoals:2 | Reached XP level 14. HP: -11/69 MP: 16/29
 39154 | Shoals:2 | Reached skill level 10 in Transmutations
 39335 | Shoals:2 | Noticed Jorgrun
 39343 | Shoals:2 | Killed Jorgrun
 39949 | Lair:2   | Bought the ring of the Mage {Wiz Archmagi} for 765 gold
                  | pieces
 39949 | Lair:2   | Found the ring of the Mage {Wiz Archmagi}
 40348 | Shoals:3 | Found Jufuino's General Store.
 40357 | Shoals:3 | Bought a scroll of blinking for 112 gold pieces
 40357 | Shoals:3 | Found Vaan's Magic Scroll Shop.
 40406 | Shoals:3 | Bought a scroll of fog for 20 gold pieces
 40406 | Shoals:3 | Bought a scroll of fog for 20 gold pieces
 40406 | Shoals:3 | Bought a scroll of torment for 75 gold pieces
 40406 | Shoals:3 | Acquired Great Wizards, Vol. II
 40432 | Shoals:3 | Reached skill level 1 in Unarmed Combat
 40643 | Shoals:3 | Found Niusoegh's Armour Shoppe.
 40643 | Shoals:3 | Found Ydirchob's Assorted Antiques.
 41444 | Shoals:4 | Entered Level 4 of the Shoals
 41616 | Shoals:4 | Found a stormy altar of Qazlal.
 42214 | Shoals:4 | Identified the ring "Vatoow" {Will+ MP+9}
 42231 | Shoals:4 | Paralysed by an air elemental for 1 turns
 42242 | Shoals:4 | Reached XP level 15. HP: 69/72 MP: 17/30
 42902 | Elf:1    | Entered Level 1 of the Elven Halls
 43025 | Elf:1    | Reached skill level 5 in Unarmed Combat
 43123 | Elf:1    | Found Vatti's Distillery.
 43130 | Elf:1    | Bought a potion of heal wounds for 80 gold pieces
 43130 | Elf:1    | Bought a potion of haste for 160 gold pieces
 43130 | Elf:1    | Bought a potion of curing for 48 gold pieces
 43130 | Elf:1    | Bought a potion of haste for 160 gold pieces
 43181 | Elf:1    | Found a shimmering blue altar of Sif Muna.
 43296 | Elf:1    | Found Fiuc's Weapon Shoppe.
 43667 | Elf:1    | Found Haepp's Jewellery Shop.
 43751 | Elf:1    | Found Bosidwaca's Weapon Shop.
 44184 | Elf:2    | Noticed a deep elf sorcerer
 44187 | Elf:2    | Killed a deep elf sorcerer
 44410 | Elf:2    | Found Ryteagi's Weapon Emporium.
 44437 | Elf:2    | Found a shimmering blue altar of Sif Muna.
 44780 | Elf:2    | Learned a level 6 spell: Eringya's Noxious Bog
 45100 | Elf:2    | Found a runed translucent gate.
 45100 | Elf:2    | Found a runed translucent gate.
 45101 | Elf:2    | Found a runed translucent gate.
 45122 | Elf:2    | Bought the amulet "Qeahizaj" {Reflect rPois Int+2 Slay+2
                  | SH+5 Stlth+} for 679 gold pieces
 45940 | Shoals:4 | Reached XP level 16. HP: 69/77 MP: 8/32
 46847 | Shoals:4 | Identified the +0 troll leather armour of Icvaokk {Regen+
                  | rCorr MP-9 Str+3 Stlth+}
 46847 | Shoals:4 | Identified the amulet of Xedoh {rF+ Regen+ rCorr}
 47187 | D:11     | You paid a toll of 5 scrolls of fog to enter a treasure
                  | trove
 47188 | Trove    | Entered a treasure trove
 47206 | Trove    | Got the Incunabulum of Shape Shifting
 47211 | Trove    | Identified the ring of Ryacoma {Fly rPois MP+9 SInv}
 47214 | Trove    | Identified the ring of Qungal {Int+6 Dex+7}
 47745 | Shoals:4 | Paralysed by an air elemental for 1 turns
 47983 | Shoals:4 | Noticed a titan
 48168 | Shoals:4 | Killed a titan
 48281 | Shoals:4 | Got a barnacled rune of Zot
 49142 | Elf:3    | Entered Level 3 of the Elven Halls
 50282 | Elf:3    | Identified the +11 falchion of Prudence {protect, rF+ Will+
                  | Str+3}
 50282 | Elf:3    | Identified the ring "Wejuridi" {Fly rN+++ EV+4 Dex-4 SInv}
 50284 | Elf:3    | Noticed a deep elf blademaster
 50291 | Elf:3    | Killed a deep elf blademaster
 50322 | Elf:3    | Reached skill level 10 in Unarmed Combat
 50329 | Elf:3    | Noticed a deep elf master archer
 50370 | Elf:3    | Killed a deep elf master archer
 50532 | Elf:3    | Identified the +0 scale mail "Xegakh" {-Tele Rampage rC++
                  | Dex+4}
 50532 | Elf:3    | Noticed a deep elf master archer
 50535 | Elf:3    | Killed a deep elf master archer
 50807 | Elf:3    | Identified the +5 battleaxe of Renorot {vorpal, Dex+6}
 50856 | Elf:3    | Noticed a deep elf blademaster
 50864 | Elf:3    | Killed a deep elf blademaster
 51220 | Elf:3    | Killed a ghostly deep elf blademaster
 51432 | Elf:3    | Identified the ring "Funeonol" {Ice Will- MP+9 Dex+8
                  | Slay+2}
 51436 | Elf:3    | Identified the +7 hunting sling of Accidental Termination
                  | {flame, rC+ MP+9 Str-2}
 51441 | Elf:3    | Reached XP level 17. HP: 67/78 MP: 27/33
 51704 | Elf:3    | HP: 4/104 [deep elf annihilator/crystal spear (54)]
 51991 | Elf:3    | Identified the +0 cloak of the Aged Nightingales {Str+4
                  | Int-4 Dex+4}
 52632 | Spider:1 | Entered Level 1 of the Spider Nest
 53378 | Spider:1 | Found a hide-covered altar of Uskayaw.
 54506 | Spider:2 | Found a runed translucent door.
 54509 | Spider:2 | Found a shimmering altar of Xom.
 54509 | Spider:2 | Noticed Paym's ghost (adept HOFi)
 56027 | Spider:3 | Found a transporter.
 56032 | Spider:3 | Found a transporter.
 56610 | Spider:3 | Reached XP level 18. HP: 85/85 MP: 20/34
 56826 | Spider:4 | Entered Level 4 of the Spider Nest
 56974 | Spider:4 | Reached skill level 15 in Dodging
 57336 | Spider:4 | Reached skill level 15 in Unarmed Combat
 58397 | Spider:4 | Got a gossamer rune of Zot
 58889 | Vaults:1 | Entered Level 1 of the Vaults
 59031 | Vaults:1 | HP: 3/110 [tengu reaver/+0 long sword (8)]
 59032 | Vaults:1 | Killed from afar by a sphinx

Illustrated notes

Levels and vault maps discovered:
D:1:      matt_arrival_diagonals, layout_loops_corners
D:2:      layout_loops_corners, hellmonk_ecumenical_altar_watching_god,
          basic_altar
D:3:      layout_basic, gammafunk_ghost_smash, uniq_ijyb, uniq_sigmund
D:4:      kennysheep_the_goblin_king, layout_loops_ring, uniq_grinder
D:5:      layout_rooms, nrook_campfire
D:6:      layout_layer_cave, lightli_orcish_oven, uniq_blork_the_orc
D:7:      layout_loops_ring, minmay_temple_entry_statues_pillars, enter_bailey_3
D:8:      layout_loops_ring, grunt_gozag_breadcrumbs, minmay_hedge_maze,
          uniq_erica
D:9:      layout_irregular_city, uniq_joseph
D:10:     layout_basic, david_lair_generic
D:11:     layout_long_grid, orc_0_dummy, enter_trove_6,
          nrook_guardian_serpent_ordinary, uniq_nergalle
D:12:     layout_gridville, serial_bayou_lagoon_a, okawaru_trees_1
D:13:     layout_roguey [special_room_bee], special_room [special_room_orc],
          uniq_kirke, uniq_snorg
D:14:     minmay_connected_triangles_in_corner, layout_irregular_city,
          david_vaults_5, uniq_azrael
D:15:     hangedman_depths_entry_civil_slaughter, layout_loops_ring,
          dreamdust_mushroom_princess, hangedman_decor_lopped,
          trog_three_pillars_becter, uniq_josephine
Temple:   mainiacjoe_temple_archimedes_tessellation
Lair:1:   layout_small_grid, grunt_megastairs_3, serial_bayou_shore_b
Lair:2:   nzn_winding_woodlands_huge [nzn_winding_woodlands_5x15_sidewinder,
          nzn_winding_woodlands_5x15_jagged,
          nzn_winding_woodlands_5x15_sawtooth, nzn_winding_woodlands_5x15_eye,
          nzn_winding_woodlands_5x15_cabin,
          nzn_winding_woodlands_5x15_concentric,
          nzn_winding_woodlands_5x15_split_checker,
          nzn_winding_woodlands_5x15_pool,
          nzn_winding_woodlands_5x15_pathside_ponds,
          nzn_winding_woodlands_5x15_parted, nzn_winding_woodlands_center_lodge,
          nzn_winding_woodlands_center_triple_pond,
          nzn_winding_woodlands_15x15_thick_spiral], layout_regular_city,
          shoals_dummy_entry, chequers_serial_rivers_room_a,
          serial_bayou_shore_a
Lair:3:   layout_concentric_octagons, ebering_ghost_disaster_area,
          serial_bayou_shore_b
Lair:4:   layout_cave_pods, spider_nest_entry_a, lemuel_fruit_tree
Lair:5:   layout_cave_pods, portal_ice_cave_entry_animals_and_master
Lair:6:   hangedman_lair_in_review, layout_loops_ring, slime_altar_1,
          chequers_serial_rivers_micro_e
Shoals:1: layout_shoals, uniq_roxanne, uniq_frances
Shoals:2: layout_shoals, nicolae_shoals_pincushion_passage, uniq_jorgrun
Shoals:3: layout_shoals, serial_shops, nicolae_take_the_stairs, shop_coins,
          nicolae_square_shop, shop, nicolae_shoals_square_sea_wall
Shoals:4: shoals_end_hellmonk_storm_palace [storm_palace_center_ruins,
          storm_palace_corner_reverse_hut, storm_palace_corner_narrow,
          storm_palace_corner_blocked, storm_palace_corner_altar]
Spider:1: layout_cave_pods, nicolae_spider_altar_of_dancing
Spider:2: layout_chambers, ebering_ghost_xom, hangedman_spider_tarantella_strand
Spider:3: gammafunk_boulding_lane, nicolae_spider_webbed_stairs
Spider:4: guppyfry_spider_rune
Orc:1:    layout_diamond_mine, serial_shops, nicolae_shop_behind_doors
Orc:2:    st_orc_elflike, layout_caves, ebering_ghost_inner_flame, mines1_david
Elf:1:    layout_geoelf_octagon, serial_shops, nicolae_lakefront_shop,
          nicolae_shop_stone, nicolae_shop_behind_doors, shop, basic_altar,
          hangedman_elf_disciples
Elf:2:    nicolae_elf_blades_splatter_lattice
          [nicolae_blade_entry_crossed_weapons], layout_geoelf_diagonals,
          basic_altar, serial_shops, shop
Elf:3:    grunt_elf_hall_branching, layout_geoelf_grid,
          kilobyte_mutagenic_chamber
Vaults:1: nicolae_vaults_little_squares_1, dpeg_vaults_pockets_of_resistance,
          hangedman_vaults_stitches, hangedman_vaults_pinch, v_misc_12,
          vaults_room_door_hall, hangedman_vaults_slice, v_misc_18,
          layout_vaults_omnibox

Skill      XL: |  1  2  3  4  5  6  7  8  9 10 11 12 13 14 15 16 17 18 |
---------------+-------------------------------------------------------+-----
Summonings     | 5 6 7 8 9 |  9.3
Spellcasting   | 3 5 7 10 11 | 11.0
Air Magic      | 3 5 6 |  6.1
Fighting       | 4 6 10 11 12 | 12.7
Transmutations | 3 5 10 12 | 12.4
Poison Magic   | 3 6 8 9 |  9.7
Fire Magic     | 2 4 6 |  6.0
Stealth        | 5 4 8 10 12 15 | 15.0
Dodging        | 5 9 10 12 14 15 | 15.6
Translocations | 5 8 9 |  9.0
Earth Magic    | 2 10 12 | 12.2
Unarmed Combat | 4 7 10 14 15 | 15.8

Action                   |  1- 3 |  4- 6 |  7- 9 | 10-12 | 13-15 | 16-18 || total
-------------------------+-------+-------+-------+-------+-------+-------++-------
Melee: Unarmed           |    44 |    34 |    25 |    17 |   186 |   595 ||   901
       Bite              |     4 |     6 |     3 |     1 |    31 |   100 ||   145
       Punch             |       |       |       |       |     7 |    61 ||    68
 Cast: Summon Small Mamm |    27 |     1 |     2 |       |     1 |       ||    31
       Call Imp          |    21 |    15 |    13 |       |       |       ||    49
       Call Canine Famil |       |    23 |    38 |    20 |    50 |     3 ||   134
       Summon Lightning  |       |       |    44 |    45 |    93 |     2 ||   184
       Poisonous Vapours |       |       |    41 |   158 |   561 |   206 ||   966
       Ignite Poison     |       |       |    13 |    57 |   288 |   122 ||   480
       Olgreb's Toxic Ra |       |       |       |    22 |   100 |    33 ||   155
       Statue Form       |       |       |       |       |    32 |    85 ||   117
       Manifold Assault  |       |       |       |       |    11 |    34 ||    45
       Apportation       |       |       |       |       |     7 |     1 ||     8
       Eringya's Noxious |       |       |       |       |       |     5 ||     5
Invok: Call Merchant     |       |       |       |     1 |     4 |       ||     5
       Potion Petition   |       |       |       |       |       |     2 ||     2
Evoke: Wand              |       |       |       |       |    10 |     5 ||    15
  Use: Scroll            |       |       |    13 |     7 |    28 |     9 ||    57
       Potion            |       |       |     3 |     3 |     3 |     9 ||    18
 Stab: Sleeping          |     1 |     1 |       |       |     6 |     4 ||    12
       Distracted        |       |     1 |     1 |     1 |     3 |    13 ||    19
Armor: Skin              |     4 |     6 |     3 |     2 |    58 |   181 ||   254
Dodge: Dodged            |    73 |    54 |    90 |    73 |   430 |  1263 ||  1983
Block: Other             |       |       |       |       |     2 |   212 ||   214
       Reflection        |       |       |       |       |     1 |     2 ||     3

Table legend: (Time is in decaauts)
 A = Elapsed time spent in this place.
 B = Non-inter-level travel time spent in this place.
 C = Inter-level travel time spent in this place.
 D = Time resting spent in this place.
 E = Time spent auto-exploring this place.
 F = Levels seen in this place.
 G = Mean time per level.
                   A        B        C        D        E       F      G
               +--------+--------+--------+--------+--------+-----+--------+
         Total |  56021 |  51634 |   4387 |  15108 |  19953 |  37 | 1514.1 |
       Dungeon |  21464 |  19495 |   1969 |   4850 |   8216 |  15 | 1430.9 |
        Temple |    264 |    248 |     16 |      0 |    230 |   1 |  264.0 |
          Lair |  10762 |   9604 |   1158 |   3409 |   3113 |   6 | 1793.7 |
        Shoals |   8008 |   7496 |    512 |   3280 |   1595 |   4 | 2002.0 |
   Spider Nest |   6640 |   6493 |    147 |   1433 |   3678 |   4 | 1660.0 |
  Orcish Mines |   2309 |   1976 |    333 |    157 |    787 |   2 | 1154.5 |
   Elven Halls |   6356 |   6108 |    248 |   1969 |   2227 |   3 | 2118.7 |
        Vaults |    177 |    177 |      0 |      9 |    104 |   1 |  177.0 |
         Trove |     38 |     38 |      0 |      0 |      0 |   1 |   38.0 |
               +--------+--------+--------+--------+--------+-----+--------+

Top non-repeatable levels by time:
Shoals:4: 3715 daAuts
   Elf:3: 3398 daAuts
  Lair:2: 2886 daAuts
Spider:2: 2240 daAuts
    D:10: 2008 daAuts
Spider:4: 1985 daAuts
  Lair:6: 1964 daAuts
    D:11: 1867 daAuts
  Lair:5: 1806 daAuts
   Elf:2: 1734 daAuts
     D:7: 1701 daAuts
     D:1: 1677 daAuts
Shoals:2: 1654 daAuts
   Orc:2: 1615 daAuts
Shoals:3: 1572 daAuts
